 Dungeon Crawl Stone Soup version 0.19.1 (webtiles) character file.

26225 cheeroque the Grappler (level 12, -1/119 HPs)
             Began as a Troll Chaos Knight on Dec 23, 2016.
             Splashed by a brown ugly thing's acid (9 damage)
             ... on level 14 of the Dungeon.
             The game lasted 00:50:29 (11625 turns).

cheeroque the Grappler (Troll Chaos Knight)        Turns: 11625, Time: 00:50:31

Health: -1/119     AC:  9    Str: 26    XL:     12   Next: 96%
Magic:  22/22      EV: 12    Int:  9    God:    Xom [.*....]
Gold:   762        SH:  0    Dex:  7    Spells: 3 memorised, 2 levels left

rFire  . . .     SeeInvis .       - Unarmed
rCold  + . .     Gourm    +     a - +2 robe
rNeg   . . .     Faith    .     (no shield)
rPois  +         Spirit   .     p - +0 hat
rElec  .         Reflect  .     q - +2 cloak {rPois}
rCorr  .         Harm     .     (gloves unavailable)
MR     +....                    (boots unavailable)
Stlth  ++........               m - amulet of regeneration
                                e - +1 ring of protection
                                h - ring of magical power

@: corroded, studying Armour
A: unfitting armour, antennae 1, claws 3, fangs 2, hooves 2, slimy green scales
1, clumsy 1, cold resistance 1, fast metabolism 3, gourmand, magic resistance 1,
poison resistance, regeneration 1, shaggy fur 1, tough skin 2, evolution 1,
MP-powered wands
a: Renounce Religion


You were on level 14 of the Dungeon.
You worshipped Xom.
You were a plaything of Xom.
You were very full.

You visited 1 branch of the dungeon, and saw 14 of its levels.
You also visited: Bailey.

You collected 1178 gold pieces.
You spent 416 gold pieces at shops.

Inventory:

Hand Weapons
 E - the +4 arbalest of Jelis {chaos, rPois rC- MR++}
   (Xom gifted it to you on level 10 of the Dungeon)

   Each projectile launched from it has a different, random effect.
   It makes you vulnerable to cold.
   It protects you from poison.
   It affects your resistance to hostile enchantments.
Armour
 a - a +2 robe (worn)
 p - a +0 hat (worn)
 q - a +2 cloak of poison resistance (worn)
Jewellery
 e - a +1 ring of protection (right claw)
 h - a ring of magical power (left claw)
 m - an amulet of regeneration (around neck)
 B - an uncursed amulet of harm
Wands
 l - a wand of enslavement (0/24)
 n - a wand of acid (0/15)
 r - a wand of paralysis (1/24)
 t - a wand of paralysis (13/24)
 u - a wand of iceblast (0/15)
 A - a wand of confusion (18/48)
Scrolls
 f - 4 scrolls of identify
 i - 2 scrolls of teleportation
 k - 3 scrolls of remove curse
 s - a scroll of enchant weapon
 C - a scroll of fear
 D - 2 scrolls of fog
 H - a scroll of amnesia
Potions
 d - 2 potions of agility
 o - 2 potions of haste
 w - 3 potions of ambrosia
 G - a potion of brilliance
 I - a potion of curing
Books
 j - a manual of
Armour
 y - a book of Minor Magic

   Spells                             Type                      Level
   a - Magic Dart                     Conjuration                  1
   b - Blink                          Translocation                2
   c - Call Imp                       Summoning                    2
   d - Repel Missiles                 Charms/Air                   2
   e - Slow                           Hexes                        2
   f - Conjure Flame                  Conjuration/Fire             3
   g - Mephitic Cloud                 Conjuration/Poison/Air       3
 F - a book of Party Tricks

   Spells                             Type                      Level
   a - Summon Butterflies             Summoning                    1
   b - Apportation                    Translocation                1
   c - Lesser Beckoning               Translocation                3
   d - Tukima's Dance                 Hexes                        3
   e - Alistair's Intoxication        Transmutation/Poison         5
   f - Invisibility                   Hexes                        6
Miscellaneous
 v - a crystal ball of energy
Comestibles
 b - 4 bread rations
 c - 9 fruits
 g - 7 meat rations
 x - 4 beef jerkies
 z - 4 chunks of flesh


   Skills:
 + Level 7.7 Fighting
 + Level 6.5 Armour
 + Level 8.8 Dodging
 + Level 3.0 Stealth
 + Level 14.5 Unarmed Combat
 + Level 0.5 Spellcasting
 + Level 0.1 Conjurations
 + Level 0.1 Summonings
 + Level 0.1 Transmutations
 + Level 0.1 Air Magic
 + Level 0.1 Poison Magic
 + Level 3.4 Evocations


You had 2 spell levels left.
You knew the following spells:

 Your Spells              Type           Power        Failure   Level  Hunger
a - Call Imp              Summ           #.......     65%         2    ###....
b - Mephitic Cloud        Conj/Pois/Air  #.......     94%         3    ####...
c - Alistair's Intoxicat  Tmut/Pois      #.......     100%        5    ######.


Dungeon Overview and Level Annotations

Branches:
Dungeon (14/15)            Temple (0/1) D:5            Lair (0/6) D:11
 Vaults (0/5) D:13
    Orc: D:9-12

Altars:
Cheibriados
Kikubaaqudgha
Makhleb
Okawaru
Trog
Vehumet
Xom
Yredelemnul

Shops:
D:7 *[}*   D:9 =

Annotations:
D:12 Nessos


Innate Abilities, Weirdness & Mutations

You are too large for most types of armour.
You have claws for hands.
Your metabolism is lightning-fast.
You like to eat raw meat.
Your natural rate of healing is unusually fast.
You are covered in fur. (AC +1)
You have very tough skin. (AC +2)
You have a pair of small antennae on your head.
You have extremely sharp teeth.
You have hoof-like feet.
You are partially covered in slimy green scales. (AC +2)
You are clumsy. (Dex -2)
Your flesh is cold resistant. (rC+)
You are resistant to hostile enchantments. (MR+)
Your system is resistant to poisons. (rPois)
You evolve.
You expend magic power (3 MP) to strengthen your wands.


Message History

You mangle the cyan ugly thing!!
You kill the cyan ugly thing! "See what I see, my child!"
You feel aware of your surroundings.
You sensed 1 shop/portal.
The brown ugly thing claws you but does no damage.
You barely miss the brown ugly thing.
You kick the brown ugly thing, but do no damage.
You bite the brown ugly thing, but do no damage.
The purple ugly thing tentacle-slaps you.
* * * LOW HITPOINT WARNING * * *
The cyan ugly thing headbutts you but does no damage.
The brown ugly thing claws you!
* * * LOW HITPOINT WARNING * * *
The acid corrodes you!
You are splashed with acid!
The acid burns!
* * * LOW HITPOINT WARNING * * *
The brown ugly thing tail-slaps you.
* * * LOW HITPOINT WARNING * * *
You are splashed with acid!
The acid burns!
You die...
Xom snickers!

,,*,* * #.#.* **≈≈≈ ≈*
, *,, ###.#.* * ≈≈≈ ≈ ≈
* , ,, ,* .....###
≈≈≈≈≈≈≈≈* ,, ,
,*#.#...#* ≈≈≈;≈≈≈≈* ,
, , ##.....+,
≈≈≈≈≈≈.,,, ,,
,,#......#+##≈≈≈≈≈.,,,
++* * ,
#...##......≈≈≈#,, , *
,
,,,**..u...*#uuu.....#*
, ,,,, ,, , *#....
*#u@u...##.,,,,,,,*
,,,,,,,###.#, #......#*
,,,,, ,, , ,, ,,,*#.
*#.....<#*, , ,* *,, ,
, ,,,#* *########*,
,*,∩,* ,,,,,,,,,,*
****, ,, , , ,, ,,, ,*
*,,,,, , ,*,, ≈, , ,,,
*, ,,, , ,,* ≈ , ,,,,,*
* * , ,, , ,,, * ≈≈ , ,
, ****,, , ≈,* ** *


You could see 5 ugly things and an electric eel.

Vanquished Creatures
  A rakshasa (D:13)
  A tengu warrior (D:13)
  3 skeletal warriors (D:12)
  An unseen horror (D:10)
  A wizard (D:13)
  An orb spider (shapeshifter) (D:13)
  2 ugly things
  A yaktaur (D:11)
  A komodo dragon (D:13)
  3 trolls
  The ghost of Azzok the Firebug, a novice GrFE (D:5)
  Grinder (D:4)
  A harpy skeleton (D:14)
  2 hippogriffs
  A vampire (D:11)
  6 yaks (D:8)
  A wyvern (D:10)
  2 steam dragons
  5 vampire mosquitoes (D:13)
  3 hungry ghosts
  A soldier ant (D:10)
  5 porcupines (D:11)
  A black bear (shapeshifter) (D:10)
  14 orc warriors
  3 black bears
  3 ice beasts
  5 sky beasts
  10 centaurs
  9 ogres
  3 crocodiles
  3 big kobolds
  9 bullfrogs
  2 gnoll sergeants
  4 jellies
  6 scorpions
  A water moccasin skeleton (D:4)
  10 killer bees
  A wight (D:7)
  3 howler monkeys
  3 crimson imps
  3 hounds
  A quasit (D:9)
  4 orc priests
  15 orc wizards
  Crazy Yiuf (D:7)
  2 bullfrog skeletons
  A centaur zombie (D:6)
  An iron imp (D:7)
  2 centaur skeletons
  10 iguanas
  8 worker ants
  A hound zombie (D:9)
  2 worker ant zombies
  3 gnolls (D:5)
  7 adders
  6 river rats (D:11)
  A shadow imp (D:6)
  2 oozes (D:1)
  2 adder skeletons
  An adder zombie (D:6)
  3 worms
  2 dart slugs
  10 leopard geckos
  55 orcs
  6 giant cockroaches
  7 goblins
  6 hobgoblins
  10 jackals
  17 kobolds
  2 quokkas
  A ball python (D:2)
  6 bats
  6 frilled lizards
  A leopard gecko zombie (D:7)
  A quokka skeleton (D:7)
  7 rats
347 creatures vanquished.

Vanquished Creatures (collateral kills)
  A skeletal warrior (D:12)
  Eustachio (D:7)
  An orc warrior (D:7)
  An ogre (D:7)
  2 centaurs (Bailey)
  4 orcs
  A giant cockroach (D:4)
11 creatures vanquished.

Vanquished Creatures (others)
  A centaur (Bailey)
  4 kobolds (D:13)
  4 plants (D:11)
9 creatures vanquished.

Grand Total: 367 creatures vanquished

Notes
Turn   | Place    | Note
-------+----------+-------------------------------------------
     0 | D:1      | cheeroque the Troll Chaos Knight began the quest for the Orb.
     0 | D:1      | Reached XP level 1. HP: 22/22 MP: 0/0
    31 | D:1      | XOM: harmless Tmut miscast
    66 | D:1      | XOM: harmless Conj miscast
   246 | D:1      | XOM: mild Tmut miscast
   437 | D:1      | Reached XP level 2. HP: 23/29 MP: 1/1
   720 | D:1      | Reached XP level 3. HP: 36/36 MP: 2/2
  1236 | D:2      | XOM: harmless Necr miscast
  1365 | D:2      | XOM: smoke on damage
  1455 | D:2      | Gained mutation: Your spells are a little harder to cast, but a little more powerful. [potion of mutation]
  1455 | D:2      | Gained mutation: You evolve. [potion of mutation]
  1455 | D:2      | Gained mutation: Your flesh is cold resistant. (rC+) [potion of mutation]
  1704 | D:2      | Reached skill level 4 in Unarmed Combat
  1704 | D:2      | Reached XP level 4. HP: 45/45 MP: 3/3
  2152 | D:3      | XOM: mild Erth miscast
  2348 | D:3      | Noticed a crocodile
  2353 | D:3      | XOM: confusion (+ monsters)
  2367 | D:3      | Killed a crocodile
  2367 | D:3      | Reached XP level 5. HP: 9/53 MP: 4/4
  2567 | D:3      | Reached skill level 5 in Unarmed Combat
  2768 | D:3      | Lost mutation: Your spells are a little harder to cast, but a little more powerful. [evolution]
  2845 | D:3      | XOM: god gift: 28 gold pieces
  2887 | D:3      | Found a shimmering altar of Xom.
  2889 | D:3      | Found a bloodstained altar of Trog.
  2889 | D:3      | Found an iron altar of Okawaru.
  2891 | D:3      | Found an ancient bone altar of Kikubaaqudgha.
  2891 | D:3      | Found a basalt altar of Yredelemnul.
  2891 | D:3      | Found a radiant altar of Vehumet.
  2895 | D:3      | Reached skill level 5 in Fighting
  2895 | D:3      | Reached skill level 5 in Dodging
  2895 | D:3      | Reached skill level 7 in Unarmed Combat
  2895 | D:3      | Reached XP level 6. HP: 67/67 MP: 5/5
  3049 | D:4      | Reached skill level 8 in Unarmed Combat
  3068 | D:4      | XOM is BORED!
  3068 | D:4      | XOM: mild Necr miscast
  3237 | D:4      | XOM: confuse monster(s)
  3317 | D:4      | Noticed Grinder
  3325 | D:4      | XOM: summons friendly white imp
  3330 | D:4      | Paralysed by Grinder for 7 turns
  3333 | D:4      | XOM: confuse monster(s)
  3339 | D:4      | Killed Grinder
  3339 | D:4      | Reached XP level 7. HP: 68/74 MP: 6/6
  3360 | D:4      | XOM: polymorph white imp -> crimson imp
  3378 | D:4      | XOM: smoke on damage
  3410 | D:4      | XOM: harmless Tloc miscast
  3688 | D:5      | Entered Level 5 of the Dungeon
  3688 | D:5      | Found a staircase to the Ecumenical Temple.
  3688 | D:5      | Noticed Azzok's ghost (novice GrFE)
  3707 | D:5      | XOM: noise
  3713 | D:5      | Killed Azzok's ghost
  3723 | D:5      | Reached XP level 8. HP: 54/83 MP: 7/7
  3732 | D:5      | Reached skill level 9 in Unarmed Combat
  3892 | D:5      | Reached skill level 1 in Stealth
  4076 | D:5      | XOM: polymorph hound -> scorpion
  4691 | D:6      | Reached XP level 9. HP: 76/89 MP: 8/8
  4779 | D:6      | Gained mutation: You tend to lose your temper in combat. [evolution]
  5071 | D:7      | Noticed a purple ugly thing
  5073 | D:7      | XOM: chaos upgrade
  5082 | D:7      | Killed a purple ugly thing
  5082 | D:7      | Reached skill level 10 in Unarmed Combat
  5105 | D:7      | Gained mutation: Your spells are a little easier to cast, but a little less powerful. [mutagenic meat]
  5109 | D:7      | Gained mutation: Your body sometimes deteriorates upon taking damage. [mutagenic meat]
  5129 | D:7      | Found Nigeli's Armour Shoppe.
  5212 | D:7      | Found Ubill's General Store.
  5258 | D:7      | Bought a scroll of identify for 26 gold pieces
  5258 | D:7      | Bought a wand of iceblast (6/15) for 130 gold pieces
  5258 | D:7      | Bought a crystal ball of energy for 260 gold pieces
  5296 | D:7      | Found Xuumm's Gadget Boutique.
  5388 | D:7      | Found a snail-covered altar of Cheibriados.
  5412 | D:7      | Found an ancient bone altar of Kikubaaqudgha.
  5413 | D:7      | Found Dutticabbu's Assorted Antiques.
  5420 | D:7      | Found a basalt altar of Yredelemnul.
  5423 | D:7      | Found an iron altar of Okawaru.
  5736 | D:7      | Found a runed door.
  5766 | D:7      | Found a burning altar of Makhleb.
  5832 | D:7      | Noticed Eustachio
  5837 | D:7      | XOM: polymorph bullfrog -> ogre
  5839 | D:7      | XOM: mild Pois miscast
  5843 | D:7      | XOM: god gift: brown potion {god gift}
  5852 | D:7      | XOM: confusion
  5873 | D:7      | Killed Eustachio
  6047 | D:7      | Found Hileh's General Store.
  6120 | D:7      | Noticed Crazy Yiuf
  6128 | D:7      | Your ally died
  6290 | D:8      | XOM: 1-stop teleportation journey
  6297 | D:8      | XOM: summons 1 hostile demon
  6382 | D:8      | XOM: swap monsters
  6388 | D:8      | Reached skill level 11 in Unarmed Combat
  6442 | D:8      | XOM: medium Ice miscast
  6450 | D:8      | Reached XP level 10. HP: 85/98 MP: 9/9
  6460 | D:8      | Gained mutation: You heal very quickly. [mutagenic meat]
  6461 | D:8      | Gained mutation: You occasionally shout uncontrollably at your foes. [mutagenic meat]
  6462 | D:8      | Gained mutation: You are surrounded by a mild repulsion field. (EV +2) [mutagenic meat]
  6464 | D:8      | Gained mutation: You are resistant to hostile enchantments. (MR+) [mutagenic meat]
  6482 | D:8      | XOM: 1-stop teleportation journey
  6578 | D:8      | XOM: enchant monster (bad)
  6590 | D:8      | XOM: medium Hex miscast
  6725 | D:8      | Gained mutation: You have very sharp teeth. [potion of mutation]
  6725 | D:8      | Gained mutation: Your spells are easier to cast, but less powerful. [potion of mutation]
  6727 | D:8      | XOM: give mutations
  6727 | D:8      | Gained mutation: Your body often deteriorates upon taking damage. [Xom's mischief]
  6727 | D:8      | Lost mutation: You heal very quickly. [Xom's mischief]
  6727 | D:8      | Lost mutation: You are surrounded by a mild repulsion field. (EV +2) [Xom's mischief]
  6727 | D:8      | Lost mutation: Your body often deteriorates upon taking damage. [Xom's mischief]
  6747 | D:8      | XOM: harmless Fire miscast
  6808 | D:8      | XOM: harmless Summ miscast
  6830 | D:8      | XOM: draining
  6845 | D:8      | XOM: harmless Summ miscast
  6943 | D:9      | XOM: divination: detect items
  7011 | D:9      | Found a flagged portal.
  7031 | Bailey   | Entered a bailey
  7288 | Bailey   | XOM: summons friendly iron imp
  7429 | Bailey   | Reached skill level 12 in Unarmed Combat
  7444 | Bailey   | Lost mutation: Your body sometimes deteriorates upon taking damage. [evolution]
  7685 | Bailey   | XOM: god gift: 31 gold pieces
  7779 | Bailey   | XOM: summons friendly white imp
  7781 | Bailey   | XOM: mild Tmut miscast
  7785 | Bailey   | XOM: medium Divn miscast
  7805 | Bailey   | XOM: silly message
  7860 | Bailey   | Reached XP level 11. HP: 106/109 MP: 12/12
  7948 | D:9      | XOM: potion effect (agility)
  8005 | D:9      | Found Xiumn's Jewellery Boutique.
  8029 | D:9      | XOM: harmless Summ miscast
  8087 | D:9      | XOM: cloud trail
  8273 | D:10     | Entered Level 10 of the Dungeon
  8274 | D:10     | XOM: divination: magic mapping
  8303 | D:10     | XOM: give mutations
  8303 | D:10     | Lost mutation: You tend to lose your temper in combat. [Xom's grace]
  8303 | D:10     | Gained mutation: You have large cloven feet. [Xom's grace]
  8303 | D:10     | Gained mutation: You have a somewhat thin skeletal structure. (Dex +2, Stealth) [Xom's grace]
  8306 | D:10     | XOM: 2-stop teleportation journey
  8376 | D:10     | XOM: divination: magic mapping
  8485 | D:10     | Killed an unseen horror
  8485 | D:10     | Reached XP level 12. HP: 115/118 MP: 13/13
  8516 | D:10     | XOM: god gift: 19 gold pieces
  8618 | D:10     | XOM: scenery: 1 doors close
  8663 | D:10     | Lost mutation: You occasionally shout uncontrollably at your foes. [mutagenic meat]
  8682 | D:10     | Reached skill level 13 in Unarmed Combat
  8824 | D:10     | XOM: 2-stop teleportation journey
  8922 | D:10     | XOM: god gift: shortbow {god gift}
  8962 | D:10     | XOM: give mutations
  8962 | D:10     | Gained mutation: You have hoof-like feet. [Xom's grace]
  8962 | D:10     | Gained mutation: Your system is resistant to poisons. (rPois) [Xom's grace]
  8962 | D:10     | Gained mutation: You are partially covered in slimy green scales. (AC +2) [Xom's grace]
  8962 | D:10     | Gained mutation: You have a pair of small antennae on your head. [Xom's grace]
  8996 | D:10     | XOM: god gift: steaming arbalest {god gift}
  8999 | D:10     | Got a steaming arbalest {god gift}
  9000 | D:10     | Identified the +4 arbalest of Jelis {chaos, rPois rC- MR++} (Xom gifted it to you on level 10 of the Dungeon)
  9021 | D:11     | XOM: noise
  9033 | D:11     | Noticed Snorg
  9048 | D:11     | Noticed Snorg
  9048 | D:11     | Snorg changed into Snorg the yaktaur
  9048 | D:11     | XOM: polymorph Snorg -> Snorg the yaktaur
  9049 | D:11     | Killed Snorg the yaktaur
  9173 | D:11     | XOM: scenery: create altars
  9239 | D:11     | Learned a level 2 spell: Call Imp
  9376 | D:11     | Found a staircase to the Lair.
  9496 | D:11     | Learned a level 3 spell: Mephitic Cloud
  9716 | D:11     | XOM: 3-stop teleportation journey
  9760 | D:11     | XOM: 4-stop teleportation journey
 10231 | D:11     | Gained mutation: You are clumsy. (Dex -2) [evolution]
 10333 | D:12     | XOM: divination: detect creatures
 10420 | D:12     | XOM: cast spell 'Leda's Liquefaction'
 10433 | D:12     | XOM: enchant monster (good)
 10683 | D:12     | XOM: give mutation
 10683 | D:12     | Gained mutation: You have extremely sharp teeth. [Xom's grace]
 10730 | D:12     | Noticed Nessos
 10738 | D:12     | XOM: summons friendly shadow imp
 10739 | D:12     | XOM: confusion (+ monsters)
 10747 | D:12     | XOM: fog
 10803 | D:12     | XOM: 2-stop teleportation journey
 10854 | D:13     | XOM: summons friendly white imp
 10898 | D:13     | Found a gate to the Vaults.
 10905 | D:13     | Reached skill level 14 in Unarmed Combat
 10962 | D:13     | Noticed a tengu warrior
 10967 | D:13     | XOM: swap monsters
 10976 | D:13     | Noticed a rakshasa
 10977 | D:13     | Killed a tengu warrior
 10997 | D:13     | XOM: cleaving
 11004 | D:13     | Killed a rakshasa
 11145 | D:13     | Learned a level 5 spell: Alistair's Intoxication
 11209 | D:13     | Gained mutation: You expend magic power (3 MP) to strengthen your wands. [mutagenic glow]
 11248 | D:13     | Gained mutation: Scrolls take you a little longer to read. [mutagenic glow]
 11254 | D:13     | XOM: 3-stop teleportation journey
 11306 | D:13     | XOM: scenery: create altars
 11363 | D:13     | XOM: butterfly on damage
 11430 | D:13     | XOM: blink monster(s)
 11516 | D:13     | Lost mutation: Your spells are easier to cast, but less powerful. [mutagenic meat]
 11517 | D:13     | Lost mutation: Your spells are a little easier to cast, but a little less powerful. [mutagenic meat]
 11525 | D:13     | XOM: give mutations
 11525 | D:13     | Lost mutation: Scrolls take you a little longer to read. [Xom's mischief]
 11525 | D:13     | Lost mutation: You have a somewhat thin skeletal structure. (Dex +2, Stealth) [Xom's mischief]
 11607 | D:14     | XOM: silly message
 11624 | D:14     | XOM: divination: magic mapping
 11625 | D:14     | Splashed by a brown ugly thing's acid

Skill      XL: |  1  2  3  4  5  6  7  8  9 10 11 12 |
---------------+-------------------------------------+-----
Dodging        | 2 5 6 7 8 |  8.8
Fighting       | 3 5 6 7 |  7.7
Unarmed Combat | 4 7 8 9 11 12 14 | 14.5
Armour         | 4 6 |  6.5
Stealth        | 1 3 |  3.0
Evocations     | 2 3 |  3.4
Spellcasting   | |  0.5
Conjurations   | |  0.1
Summonings     | |  0.1
Transmutations | |  0.1
Air Magic      | |  0.1
Poison Magic   | |  0.1

Action                   |  1- 3 |  4- 6 |  7- 9 | 10-12 || total
-------------------------+-------+-------+-------+-------++-------
Melee: Unarmed           |   114 |    80 |   296 |   563 ||  1053
       Punch             |     1 |     2 |     7 |    37 ||    47
       Bite              |       |       |       |    49 ||    49
       Kick              |       |       |       |    80 ||    80
 Cast: Call Imp          |       |       |       |     2 ||     2
Evoke: Wand              |       |       |     3 |    33 ||    36
  Use: Scroll            |     6 |       |     8 |    23 ||    37
       Potion            |     2 |     4 |     6 |     9 ||    21
 Stab: Invisible         |       |       |     3 |       ||     3
       Distracted        |       |       |       |     2 ||     2
       Paralysed         |       |       |       |     6 ||     6
       Confused          |       |       |       |     1 ||     1
       Sleeping          |       |       |       |     1 ||     1
  Eat: Chunk             |    19 |    17 |    28 |    76 ||   140
       Bread ration      |       |       |       |     1 ||     1
Armor: Robe              |    64 |    20 |    81 |   203 ||   368
       Skin              |       |       |       |     8 ||     8
Dodge: Dodged            |   101 |    48 |   195 |   382 ||   726
